 Dungeon Crawl Stone Soup version 0.27-a0-906-g0a00ce863d (webtiles) character file.

Game seed: 9363352206737481185

285 jestyr24 the Conjurer (level 6, -2/43 HPs)
             Began as a Demonspawn Conjurer on Apr 7, 2021.
             Was a Believer of Okawaru.
             Killed from afar by a white imp (10 damage)
             ... with a puff of frost
             ... summoned by Natasha
             ... on level 3 of the Dungeon.
             The game lasted 00:18:45 (2977 turns).

jestyr24 the Conjurer (Demonspawn Conjurer)         Turns: 2977, Time: 00:18:46

Health: -2/43      AC:  0    Str:  7    XL:     6   Next: 7%
Magic:  10/10      EV: 14    Int: 22    God:    Okawaru [**....]
Gold:   75         SH:  0    Dex: 11    Spells: 4/11 levels left

rFire    . . .     SeeInvis .   (weapon currently unavailable)
rCold    . . .     Faith    .   (shield currently unavailable)
rNeg     . . .     Spirit   .   (armour currently unavailable)
rPois    .         Reflect  .   (helmet currently unavailable)
rElec    .         Harm     .   (cloak currently unavailable)
rCorr    .         Rampage  .   (gloves currently unavailable)
Will     .....                  (boots currently unavailable)
Stlth    ++........             (no amulet)
HPRegen  0.14/turn              (ring currently unavailable)
MPRegen  0.24/turn              (ring currently unavailable)

@: pig-form (expiring), very quick
A: fast, no casting, small, (molten scales 1), magic regeneration
a: Renounce Religion, Heroism


You were on level 3 of the Dungeon.
You worshipped Okawaru.
Okawaru was pleased with you.
You were a filthy swine.
You visited 1 branch of the dungeon, and saw 3 of its levels.

You collected 75 gold pieces.

Inventory:

Hand Weapons
 e - a +0 dagger of protection (melded)
Missiles
 l - 7 boomerangs
Armour
 a - a +0 robe (melded)
 d - a +1 helmet (melded)
Scrolls
 f - 2 scrolls of teleportation
 h - a scroll of holy word
Potions
 b - 3 potions of curing
 c - a potion of resistance {unknown}
 g - a potion of mutation {unknown}
 j - a potion of cancellation {unknown}
 k - a potion of might


   Skills:
 + Level 1.1 Fighting
 - Level 0.3 Short Blades
 * Level 0.2 Throwing
 - Level 2.2 Dodging
 + Level 2.2 Stealth
 + Level 3.3 Spellcasting
 + Level 5.6 Conjurations
 * Level 1.5 Translocations


You had 4 spell levels left.
You knew the following spells:

 Your Spells              Type           Power      Damage    Failure   Level
a - Magic Dart            Conj           100%       1d8       1%          1
b - Searing Ray           Conj           56%        3d5       1%          2
c - Iskenderun's Mystic   Conj/Tloc      19%        2d6       26%         4

Your spell library contained the following spells:

 Spells                   Type           Power      Damage    Failure   Level
 Dazzling Flash           Conj/Hex       32%        N/A       11%         3
 Fulminant Prism          Conj/Hex       8%         3d7       36%         4


Dungeon Overview and Level Annotations

Branches:
Dungeon (3/15)

Altars:
Hepliaklqana
Okawaru

Shops:
D:3 ?*:[(

Annotations:
D:3 Natasha


Innate Abilities, Weirdness & Mutations

You are a filthy swine.
You move quickly.
Your equipment is almost entirely melded.
You are incapable of wielding weapons or throwing items.
You cannot cast spells.
((You are partially covered in molten scales. (AC +2)))
You regenerate magic rapidly.


Message History

You closely miss Natasha.
Natasha is severely wounded.
Natasha mumbles some strange words.
You hit Natasha but do no damage.
Natasha is severely wounded.
Natasha claws you!
You miss Natasha.
Natasha is severely wounded.
The white imp shouts, "Take thy face hence, thou lumpish beef-witted toady!"
Natasha closely misses you.
You hit Natasha.
Natasha is almost dead.
The white imp closely misses you.
Natasha zaps a wand.
You barely miss Natasha.
Natasha is almost dead.
The white imp closely misses you.
Natasha mumbles some strange words.
You barely miss Natasha.
Natasha is almost dead.
The white imp hits you. The white imp freezes you.
Natasha mumbles some strange words.
You miss Natasha.
Natasha is almost dead.
Natasha claws you!
You barely miss Natasha.
Natasha is almost dead.
The crimson imp misses you.
You miss Natasha.
Natasha is almost dead.
Natasha zaps a wand.
You resist with some effort. The crimson imp hits you.
* * * LOW HITPOINT WARNING * * *
The iron imp completely misses you. Natasha casts a spell at you.
The magic dart hits you.
* * * LOW HITPOINT WARNING * * *
Your transformation is almost over.
The crimson imp blinks!
The white imp gestures at you. The puff of frost hits you!
You die...

......#.#........#.......#.......
####.##.#.#######################
####....#.# #.. ####.....####+#
......).#.# .. #..............
#######.#.# #'###..............
......#...# $.##..............
......†.### #.##............∩.
#####.#.# #.##...##'##......
......#.# #h.#...##.##......
#######.# ##.#......######'#
........# #.#......# #..
######### #§#......# ### #...#
#55...##'######## #...#
##..........##... ###...#
#.........[##...
..'...############..........##...
###..............##.##......##...


You could see an iron imp (summoned) and a white imp (summoned).

Vanquished Creatures
  A black bear (D:3)
  A centaur skeleton (D:3)
  Natasha (twice) (D:3)
  3 adders
  2 worms (D:2)
  4 dart slugs
  4 orcs (D:3)
  4 ball pythons
  3 endoplasms
  A giant cockroach (D:2)
  12 goblins
  7 hobgoblins
  4 jackals (D:1)
  5 kobolds
  2 quokkas (D:1)
  7 bats
  5 frilled lizards
  4 rats
71 creatures vanquished.

Vanquished Creatures (others)
  2 plants (D:3)
2 creatures vanquished.

Grand Total: 73 creatures vanquished

Notes
Turn   | Place    | Note
-------+----------+-------------------------------------------
     0 | D:1      | jestyr24 the Demonspawn Conjurer began the quest for the
                  | Orb.
     0 | D:1      | Reached XP level 1. HP: 13/13 MP: 3/3
   203 | D:1      | Gained mutation: You regenerate magic rapidly. [demonic
                  | ancestry]
   203 | D:1      | Reached XP level 2. HP: 19/19 MP: 0/5
   377 | D:1      | Found a faded altar of an unknown god.
   560 | D:1      | Became a worshipper of Warmaster Okawaru
   560 | D:1      | Reached * piety under Okawaru
   864 | D:2      | Reached XP level 3. HP: 22/24 MP: 2/6
  1205 | D:2      | Reached skill level 5 in Conjurations
  1342 | D:2      | Learned a level 2 spell: Searing Ray
  1724 | D:2      | Reached XP level 4. HP: 30/30 MP: 3/7
  1957 | D:3      | Found Silonn's Antique Armour Shoppe.
  1995 | D:3      | Found Ofreakko's Antique Weapon Emporium.
  1996 | D:3      | Found Ahiuzig's Book Emporium.
  2013 | D:3      | Learned a level 4 spell: Iskenderun's Mystic Blast
  2016 | D:3      | Noticed a black bear
  2098 | D:3      | Noticed Natasha
  2102 | D:3      | Killed Natasha
  2345 | D:3      | Found Jequ's Magic Scroll Shop.
  2348 | D:3      | Found Iboixag's Assorted Antiques.
  2442 | D:3      | Killed a black bear
  2442 | D:3      | Reached ** piety under Okawaru
  2443 | D:3      | Reached skill level 1 in Fighting
  2443 | D:3      | Reached skill level 1 in Translocations
  2443 | D:3      | Gained mutation: You are partially covered in molten
                  | scales. (AC +2) [demonic ancestry]
  2443 | D:3      | Reached XP level 5. HP: 23/37 MP: 1/9
  2619 | D:3      | Noticed Natasha
  2623 | D:3      | Killed Natasha
  2663 | D:3      | Found a hazy altar of Hepliaklqana.
  2761 | D:3      | Reached XP level 6. HP: 43/43 MP: 3/10
  2956 | D:3      | Noticed Natasha
  2977 | D:3      | Killed from afar by a white imp

Illustrated notes

Levels and vault maps discovered:
D:1:      lightli_arrival_isolated_outpost, layout_basic,
          chequers_ecumenical_altar_island, st_stairs_2, roderic_roman_lattice,
          chequers_serial_rivers_micro_b
D:2:      kennysheep_the_goblin_king, layout_basic
D:3:      layout_basic, nicolae_overflow_crystal_walls, serial_shops, shop,
          shop, nicolae_shop_overgrown_old_shop, shop_fountains, shop,
          patterned_corridor, uniq_natasha

Skill      XL: |  1  2  3  4 |
---------------+-------------+-----
Dodging        | 2 |  2.2
Conjurations   | 5 |  5.6
Stealth        | 2 |  2.2
Fighting       | 1 |  1.1
Spellcasting   | 3 |  3.3
Translocations | 1 |  1.5
Short Blades   | |  0.3
Throwing       | |  0.2

Action                   |  1- 3 |  4- 6 || total
-------------------------+-------+-------++-------
Melee: Dagger            |    29 |       ||    29
       Unarmed           |       |    12 ||    12
 Cast: Magic Dart        |    79 |    45 ||   124
       Searing Ray       |       |    14 ||    14
  Use: Scroll            |     1 |     5 ||     6
Armor: Robe              |    17 |     2 ||    19
Dodge: Dodged            |    43 |    17 ||    60

Table legend: (Time is in decaauts)
 A = Elapsed time spent in this place.
 B = Non-inter-level travel time spent in this place.
 C = Inter-level travel time spent in this place.
 D = Time resting spent in this place.
 E = Time spent auto-exploring this place.
 F = Levels seen in this place.
 G = Mean time per level.
                   A        B        C        D        E       F      G
               +--------+--------+--------+--------+--------+-----+--------+
         Total |   2985 |   2935 |     50 |    685 |   1696 |   3 |  995.0 |
       Dungeon |   2985 |   2935 |     50 |    685 |   1696 |   3 |  995.0 |
               +--------+--------+--------+--------+--------+-----+--------+

Top non-repeatable levels by time:
     D:2: 1096 daAuts
     D:3: 1017 daAuts
     D:1: 871 daAuts
